 Dungeon Crawl Stone Soup version 0.24.0-123-gd5b16e6ec5 (webtiles) character file.

Game seed: 8994983723727209228, levelgen mode: deterministic

36 AuftragZ the Charmwright (level 3, -1/34 HPs)
             Began as a Gnoll Skald on Feb 4, 2020.
             Slain by a hobgoblin (4 damage)
             ... on level 2 of the Dungeon.
             The game lasted 00:03:55 (1723 turns).

AuftragZ the Charmwright (Gnoll Skald)              Turns: 1723, Time: 00:03:55

Health: -1/34      AC:  3    Str: 14    XL:     3   Next: 37%
Magic:  8/9        EV: 14    Int: 17    God:
Gold:   94         SH:  0    Dex: 14    Spells: 7/12 levels left

rFire    . . .     SeeInvis .   a - +0 short sword
rCold    . . .     Gourm    .   (no shield)
rNeg     . . .     Faith    .   b - +0 leather armour
rPois    .         Spirit   .   (no helmet)
rElec    .         Reflect  .   (no cloak)
rCorr    .         Harm     .   (no gloves)
MR       .....     Rnd*Rage +   (no boots)
Stlth    +.........             (no amulet)
HPRegen  0.11/turn              (no ring)
MPRegen  0.11/turn              (no ring)

@: lethally poisoned (-1 -> -6), slowed, very slow
A: distributed training, fangs 1, berserk 1, clever 1, robust 1, strong nose
a: no special abilities


You were on level 2 of the Dungeon.
You were not hungry.

You visited 1 branch of the dungeon, and saw 2 of its levels.

You collected 94 gold pieces.

Inventory:

Hand Weapons
 a - a +0 short sword (weapon)
Armour
 b - a +0 leather armour (worn)
Scrolls
 c - a scroll of magic mapping
 e - a scroll of identify
Potions
 f - 2 potions of haste {unknown}
Comestibles
 d - 5 rations


   Skills:
 + Level 4.5 Fighting
 + Level 4.5 Short Blades
 + Level 0.7 Long Blades
 + Level 0.7 Axes
 + Level 0.7 Maces & Flails
 + Level 0.7 Polearms
 + Level 0.7 Staves
 + Level 0.7 Slings
 + Level 0.7 Bows
 + Level 0.7 Crossbows
 + Level 0.7 Throwing
 + Level 2.6 Armour
 + Level 4.5 Dodging
 + Level 0.7 Stealth
 + Level 0.7 Shields
 + Level 0.7 Unarmed Combat
 + Level 5.0 Spellcasting
 + Level 0.5 Conjurations
 + Level 0.5 Hexes
 + Level 5.4 Charms
 + Level 0.5 Summonings
 + Level 0.5 Necromancy
 + Level 0.5 Translocations
 + Level 0.5 Transmutations
 + Level 0.5 Fire Magic
 + Level 0.5 Ice Magic
 + Level 0.5 Air Magic
 + Level 0.5 Earth Magic
 + Level 0.5 Poison Magic
 + Level 0.9 Invocations
 + Level 0.7 Evocations


You had 7 spell levels left.
You knew the following spells:

 Your Spells              Type           Power        Failure   Level  Hunger
a - Infusion              Chrm           ###.         1%          1    None
b - Song of Slaying       Chrm           ###.....     2%          2    #......
c - Shroud of Golubria    Chrm/Tloc      ##....       8%          2    #......

Your spell library contained the following spells:

 Spells                   Type           Power        Failure   Level  Hunger
 Regeneration             Chrm/Necr      ##........   16%         3    ###....
 Spectral Weapon          Hex/Chrm       ##......     16%         3    ###....


Dungeon Overview and Level Annotations

Branches:
Dungeon (2/15)

Altars:
Yredelemnul

Annotations:
D:2 Jessica


Innate Abilities, Weirdness & Mutations

Your experience applies equally to all skills.
You have very sharp teeth.
Your uncanny sense of smell can sniff out nearby items.
You tend to lose your temper in combat.
Your mind is acute. (Int +2)
You are robust. (+10% HP)


Message History

Jessica is lightly wounded.
The adder closely misses you.
Jessica gestures wildly while chanting.
Jessica blinks!
The hobgoblin closely misses you. The goblin closely misses you.
The hobgoblin barely misses you. The adder closely misses you.
The goblin misses you.
Jessica gestures wildly while chanting.
Jessica blinks!
Your shroud bends the hobgoblin's attack away.
You hit Jessica.
Jessica is heavily wounded.
The adder barely misses you. The goblin hits you with a +0 club.
* * * LOW HITPOINT WARNING * * *
Your shroud falls apart!
Jessica barely misses you. The adder bites you.
* * * LOW HITPOINT WARNING * * *
You are lethally poisoned!
The adder poisons you! The hobgoblin hits you.
You die...

#....# # #. ##.##.#
#.#..# # ... .#...#.#
#.#.># # ... ......#
#.##.# # ..##.... .#
#.##.# # . #..#..##.#
#.##.### ##.. ..#.....
##..#....
#....##gg##.####.#.#####
.....ยง.@S.#.#....#.#
#...#..@....#.##.#.# #
#.#...#.#......#
...##.##....#.###
.......!........#
#################


You could see an adder, Jessica, a hobgoblin and a goblin.

Vanquished Creatures
  A worm (D:2)
  A dart slug (D:1)
  2 giant cockroaches
  4 goblins
  5 hobgoblins
  4 jackals (D:2)
  A quokka (D:2)
  5 bats
  2 frilled lizards
  A kobold (D:2)
  3 rats
29 creatures vanquished.

Notes
Turn   | Place    | Note
-------+----------+-------------------------------------------
     0 | D:1      | AuftragZ the Gnoll Skald began the quest for the Orb.
     0 | D:1      | Reached XP level 1. HP: 20/20 MP: 6/6
   103 | D:1      | Gained mutation: Your mind is acute. (Int +2) [potion of
                  | mutation]
   103 | D:1      | Gained mutation: You tend to lose your temper in combat.
                  | [potion of mutation]
   103 | D:1      | Gained mutation: You are robust. (+10% HP) [potion of
                  | mutation]
   153 | D:1      | Reached XP level 2. HP: 22/28 MP: 7/7
   703 | D:1      | Learned a level 2 spell: Song of Slaying
   710 | D:1      | Learned a level 2 spell: Shroud of Golubria
  1110 | D:2      | Reached skill level 5 in Spellcasting
  1110 | D:2      | Reached XP level 3. HP: 10/34 MP: 7/9
  1356 | D:2      | Found a basalt altar of Yredelemnul.
  1709 | D:2      | Noticed Jessica
  1723 | D:2      | Slain by a hobgoblin

Levels and vault maps discovered:
D:1:      wander_arrival_peaceful_grave, layout_basic,
          minmay_misc_feat_nine_boxes, grunt_decor_mini_mirrors
D:2:      layout_basic, yredelemnul_altar_generic, first_ration,
          hangedman_decor_clover_reticule, uniq_jessica

Skill      XL: |  1  2 |
---------------+-------+-----
Spellcasting   | 5 |  5.0
Fighting       | |  4.5
Short Blades   | |  4.5
Long Blades    | |  0.7
Axes           | |  0.7
Maces & Flails | |  0.7
Polearms       | |  0.7
Staves         | |  0.7
Slings         | |  0.7
Bows           | |  0.7
Crossbows      | |  0.7
Throwing       | |  0.7
Armour         | |  2.6
Dodging        | |  4.5
Stealth        | |  0.7
Shields        | |  0.7
Unarmed Combat | |  0.7
Conjurations   | |  0.5
Hexes          | |  0.5
Charms         | |  5.4
Summonings     | |  0.5
Necromancy     | |  0.5
Translocations | |  0.5
Transmutations | |  0.5
Fire Magic     | |  0.5
Ice Magic      | |  0.5
Air Magic      | |  0.5
Earth Magic    | |  0.5
Poison Magic   | |  0.5
Invocations    | |  0.9
Evocations     | |  0.7

Action                   || total
-------------------------++-------
Melee: Short sword       ||   134
       Bite              ||    17
 Cast: Shroud of Golubri ||     2
  Use: Potion            ||     1
       Scroll            ||     4
  Eat: Chunk             ||     3
Armor: Leather armour    ||    46
Dodge: Dodged            ||   165
